 Dungeon Crawl Stone Soup version 0.29.0-7-g18a832c13a (webtiles) character file.

Game seed: 14477164356808754110

76 robertstho the Magician (level 4, -1/25 HPs)
             Began as a Deep Elf Earth Elementalist on Aug 30, 2022.
             Killed by divine providence
             ... invoked by an orc priest
              (12 damage)
             ... on level 3 of the Dungeon.
             The game lasted 00:02:17 (1850 turns).

robertstho the Magician (DEEE)                      Turns: 1850, Time: 00:02:17

Health: -1/25      AC:  3    Str:  5    XL:     4   Next: 12%
Magic:  12/12      EV: 13    Int: 22    God:
Gold:   113        SH:  0    Dex: 15    Spells: 5/11 levels left

rFire   + . .      SeeInvis .   n - +1 short sword (holy)
rCold   . . .      Faith    .   (no shield)
rNeg    . . .      Spirit   .   a - +0 robe
rPois   .          Reflect  .   (no helmet)
rElec   .          Harm     .   m - +0 cloak
rCorr   .          Rampage  .   (no gloves)
Will    .....                   (no boots)
Stlth   ++........              d - amulet of magic regeneration
HPRegen 0.08/turn               f - ring of protection from fire
MPRegen 0.53/turn               (no ring)

@: very slightly contaminated
A: no striking features
a: no special abilities


You were on level 3 of the Dungeon.
You visited 1 branch of the dungeon, and saw 3 of its levels.

You collected 113 gold pieces.

Inventory:

Hand Weapons
 j - a +2 vorpal flail
 n - a +1 short sword of holy wrath (weapon)
Armour
 a - a +0 robe (worn)
 m - a +0 cloak (worn)
Jewellery
 d - an amulet of magic regeneration (around neck)
 f - a ring of protection from fire (left hand)
Wands
 i - a wand of light (1)
Scrolls
 c - a scroll of magic mapping
 e - a scroll of vulnerability {unknown}
 h - a scroll of identify
 k - a scroll of immolation {unknown}
 l - a scroll of summoning {unknown}
 o - 2 scrolls of fog
 p - a scroll of teleportation
Potions
 b - a potion of magic
 g - 2 potions of cancellation
 q - 2 potions of flight {unknown}


   Skills:
 * Level 1.0 Fighting
 + Level 2.7 Dodging
 + Level 2.8 Stealth
 * Level 4.2 Spellcasting
 + Level 1.1 Transmutations
 + Level 4.1 Earth Magic


You had 5 spell levels left.
You knew the following spells:

 Your Spells              Type           Power      Damage    Failure   Level
a - Sandblast             Erth           46%        2d11      1%          1
b - Passwall              Tmut/Erth      13%        N/A       5%          2
c - Stone Arrow           Conj/Erth      26%        3d8       14%         3

Your spell library contained the following spells:

 Spells                   Type           Power      Damage    Failure   Level
 Freeze                   Ice            16%        1d4       11%         1
 Summon Small Mammal      Summ           16%        N/A       11%         1
 Call Canine Familiar     Summ           4%         N/A       32%         3
 Frozen Ramparts          Ice            8%         1d2       32%         3
 Summon Guardian Golem    Hex/Summ       4%         N/A       32%         3
 Petrify                  Tmut/Erth      16%        N/A       36%         4
 Hailstorm                Conj/Ice       4%         3d4       73%         4


Dungeon Overview and Level Annotations

Branches:
Dungeon (3/15)

Altars:
Xom

Shops:
D:1 (


Message History

You feel clever.
You feel sick.
You feel sick.
You are no longer poisoned.
Found a stone staircase leading down.
q - 2 bubbling silvery potions An orc comes into view.
It is wielding a +0 hand axe.
An orc is nearby!
An orc is nearby!
An orc is nearby!
An orc is nearby!
An orc and an orc priest come into view.
Found an emerald potion.
The orc priest shouts!
A quokka comes into view.
An orc comes into view. It is wielding a +0 falchion.
An orc comes into view. It is wielding a +0 club.
The orc shouts!
The orc priest looks satisfied for a moment.
Aiming: Sandblast (safe; 1% risk of failure)
Press: ? - help, Q - select action, (/) - cycle Shift-Dir - straight line, f - orc
Aim: an orc, wielding a +0 hand axe (83% to hit)
You miscast Sandblast.
You are very lightly contaminated with residual magic.
Nothing appears to happen.
The orc shouts!
The orc hits you with a +0 hand axe.
Aiming: Sandblast (safe; 1% risk of failure)
Press: ? - help, Q - select action, (/) - cycle Shift-Dir - straight line, f/p - orc
Aim: an orc, wielding a +0 hand axe (83% to hit)
The blast of sand hits the orc!
You kill the orc!
The quokka completely misses you. The quokka bites you.
The orc attacks as you move away! The orc hits you with a +0 club.
The orc priest attacks as you move away!
The orc priest hits you with a +0 dagger.
The orc attacks as you move away! The orc hits you with a +0 dagger.
The orc priest calls down the wrath of Beogh upon you.
Beogh smites you!
You die...

... #.# #. #.# #.#
#.# #..## #.#
##...####.#####
........#.#...
.......o.@#.# ###
.......o....# ...
......)o##..# ##.
.......r##..# #####
....!.o.###.#.....#
#.# ........#
#.#.....# ... #.#
........#
#.#.....#.#.# #.#
#########
#.#.....#.#.# #.#
#.......#.#.#


You could see an orc priest, 3 orcs and a quokka.

Vanquished Creatures
  A gnoll (D:1)
  4 adders
  A dart slug (D:2)
  An orc (D:3)
  A ball python (D:2)
  6 endoplasms
  3 giant cockroaches
  2 goblins
  2 hobgoblins
  A kobold (D:2)
  2 bats
  3 rats
27 creatures vanquished.

Notes
Turn   | Place    | Note
-------+----------+-------------------------------------------
     0 | D:1      | robertstho the Deep Elf Earth Elementalist began the quest
                  | for the Orb.
     0 | D:1      | Reached XP level 1. HP: 10/10 MP: 6/6
    23 | D:1      | Reached XP level 2. HP: 15/15 MP: 5/8
   316 | D:1      | Found Anaupeh's Antique Weapon Shoppe.
   705 | D:2      | Found a shimmering altar of Xom.
   993 | D:2      | Reached XP level 3. HP: 19/19 MP: 10/10
  1119 | D:2      | Found a faded altar of an unknown god.
  1422 | D:3      | Learned a level 2 spell: Passwall
  1426 | D:3      | Learned a level 3 spell: Stone Arrow
  1580 | D:3      | Reached skill level 1 in Fighting
  1712 | D:3      | Reached XP level 4. HP: 20/25 MP: 10/12
  1850 | D:3      | Killed from afar by an orc priest

Illustrated notes

Levels and vault maps discovered:
D:1:      tarquinn_simple_flora_water_c, layout_loops_ring, serial_shops,
          nicolae_shop_window_shopping, eino_curves_04,
          chequers_serial_rivers_micro_c, minmay_tetromino_s4
D:2:      layout_basic, shapermc_ecumenical_altar_hornbeckon, basic_altar
D:3:      layout_basic

Skill      XL: |  1  2  3 |
---------------+----------+-----
Spellcasting   | 4 |  4.2
Earth Magic    | 4 |  4.1
Fighting       | 1 |  1.0
Dodging        | |  2.7
Stealth        | |  2.8
Transmutations | |  1.1

Action                   |  1- 3 |  4- 6 || total
-------------------------+-------+-------++-------
Melee: Short sword       |     6 |       ||     6
 Cast: Sandblast         |    34 |     1 ||    35
  Use: Scroll            |     4 |       ||     4
 Stab: Sleeping          |     1 |       ||     1
Armor: Robe              |     5 |       ||     5
Dodge: Dodged            |    14 |     1 ||    15
